 Dungeon Crawl Stone Soup version 0.32-a0-886-g41c5271027 (webtiles) character file.

Game seed: 1434168665481024300

1718 ragingrage the Grappler (level 9, -8/68 HPs)
             Began as a Barachi Shapeshifter on Apr 2, 2024.
             Was an Initiate of Gozag.
             Mangled by Prince Ribbit (16 damage)
             ... on level 5 of the Dungeon.
             The game lasted 00:05:51 (5162 turns).

ragingrage the Grappler (Barachi Shapeshifter)      Turns: 5162, Time: 00:05:52

Health: -8/68      AC:  8    Str: 23 (25) XL:     9   Next: 4%
Magic:  9/9        EV:  9    Int:  9 (12) God:    Gozag
Gold:   451        SH:  0    Dex: 16 (17) Spells: 8/8 levels left

rFire   . .          .
                       - Unarmed
rCold   . . .        (no shield)
rNeg    . . .        l - +0 chain mail
rPois   .            (helmet currently unavailable)
rElec   .            (cloak currently unavailable)
rCorr   .            (gloves currently unavailable)
SInv    .            (boots currently unavailable)
Will    .....        (no amulet) Stlth
                     t - +6 ring of dexterity
HPRegen 0.31/turn    v - +6 ring of strength
MPRegen 0.11/turn

%: no passive effects
@: beast-form, gold aura, invisible, slow
A: beast (slay +4), amphibious, slowness 1, strong legs 1, +LOS
a: Hop, Begin Untransformation, Renounce Religion, Potion Petition, Call
Merchant, Bribe Branch


You were on level 5 of the Dungeon.
You worshipped Gozag.
Gozag was aware of your devotion.
You were a hulking beast.
You visited 2 branches of the dungeon, and saw 7 of its levels.

You collected 481 gold pieces.
You paid 30 gold pieces to Gozag.

Inventory:

Missiles
 i - 6 boomerangs (quivered)
 s - 4 poisoned darts
Armour
 j - a +0 ring mail
 l - a +0 chain mail (worn)
Jewellery
 t - a +6 ring of dexterity (left hand)
 v - a +6 ring of strength (right hand)
Talismans
 c - a beast talisman (active)
 d - a flux talisman
Wands
 b - a wand of flame (28)
Scrolls
 e - 3 scrolls of amnesia {unknown}
 f - 2 scrolls of teleportation {unknown}
 g - a scroll of noise {unknown}
 n - 2 scrolls of vulnerability {unknown}
 o - 4 scrolls of identify {unknown}
 p - 2 scrolls of immolation {unknown}
Potions
 h - a potion of degeneration
 k - a potion of enlightenment {unknown}
 m - a potion of magic {unknown}
 r - a potion of might {unknown}
 w - a potion of heal wounds {unknown}


   Skills:
 + Level 5.4 Fighting
 + Level 3.9 Dodging
 - Level 2.0 Stealth
 + Level 8.6 Unarmed Combat
 - Level 7.0 Shapeshifting


You had 8 spell levels left.
You didn't know any spells.
Your spell library contained the following spells:

 Spells                   Type           Power      Damage    Failure   Level
 Slow                     Hex            0%         N/A       96%         1
 Summon Small Mammal      Summ           0%         N/A       96%         1
 Call Canine Familiar     Summ           0%         N/A       100%        3
 Confusing Touch          Hex            0%         N/A       100%        3
 Vampiric Draining        Necr           0%         2d6       100%        3
 Summon Blazeheart Golem  Fire/Summ      0%         N/A       100%        4


Dungeon Overview and Level Annotations

Branches:
Dungeon (6/15)             Temple (1/1) D:4

Altars:
Cheibriados
Elyvilon
Gozag
Hepliaklqana
Nemelex Xobeh
Sif Muna
Trog
Uskayaw
Vehumet
Wu Jian
Xom
Yredelemnul
Zin

Annotations:
D:3 3 runed translucent doors, BleachOnTheBeach's ghost, amateur CoWr; hattop's ghost, weakling MDFE
D:5 Prince Ribbit


Innate Abilities, Weirdness & Mutations

You are a hulking beast.
Your limbs bulge with bestial killing power. (Slay +4)
You are amphibious.
You cover ground slowly.
You can hop short distances.
You have an extended range of vision and can be seen from far away.


Message History

Your base attributes are Str 17, Int 12, Dex 11.
Increase (S)trength, (I)ntelligence, or (D)exterity?
You feel stronger. x2
Throw: 3 darts (curare)
Press: ? - help, Shift-Dir - straight line, f - Prince Ribbit
Aim: Prince Ribbit (45% to hit)
You throw a curare-tipped dart.
The curare-tipped dart closely misses Prince Ribbit.
Prince Ribbit hits you but does no damage.
Throw: 2 darts (curare)
Press: ? - help, Shift-Dir - straight line, f/p - Prince Ribbit
Aim: Prince Ribbit (45% to hit)
You throw a curare-tipped dart.
The curare-tipped dart closely misses Prince Ribbit.
Prince Ribbit closely misses you.
Throw: dart (curare)
Press: ? - help, Shift-Dir - straight line, f/p - Prince Ribbit
Aim: Prince Ribbit (45% to hit)
You throw a curare-tipped dart.
The curare-tipped dart barely misses Prince Ribbit.
Prince Ribbit hits you! x2
You punch Prince Ribbit! Prince Ribbit hits you!
Throw: throwing net
Press: ? - help, Shift-Dir - straight line, f/p - Prince Ribbit
Aim: Prince Ribbit (lightly wounded, 45% to hit)
You throw a throwing net. The throwing net misses Prince Ribbit.
Prince Ribbit hits you!
* * * LOW HITPOINT WARNING * * *
It was a potion of degeneration.
There was something very wrong with that liquid.
You feel weakened.
You feel dopey.
You feel clumsy. Prince Ribbit completely misses you.
Prince Ribbit croaks regally.
Prince Ribbit hits you.
* * * LOW HITPOINT WARNING * * *
It was a potion of invisibility.
You fade into invisibility!
Prince Ribbit hits you!
You die...
Your body crumbles into a pile of gold.

....# #.# ...
.........## ..#.# #.#
..# #...##...##
....######.##.# ..#
.......))#....# #..#
..######....# ...#
.##
##..))######...####.
.#
#...#.....o$........
##
##..#######F##.#.###.
### ##...# #h##.# ..#
#....#######....#
..####.[..........###
.#..##.########..##
...#...# ##....##
.#...#.####..####
...#......#.##
.#...#..#...#
...#...##...#


You could see Prince Ribbit (unable to see you) and an orc (unable to see you).

Vanquished Creatures
  Grinder (D:4)
  A yak (D:6)
  Eustachio (D:5)
  A water moccasin (D:6)
  An ice beast (D:5)
  An ogre (D:5)
  Blork the orc (D:4)
  4 scorpions
  3 jellies
  2 hounds (D:4)
  2 orc priests
  A gnoll bouda (D:4)
  Ijyb (D:5)
  4 iguanas
  3 orc wizards
  5 adders
  6 gnolls
  A shadow imp (D:4)
  2 dart slugs
  2 ribbon worms
  17 orcs
  7 endoplasms
  4 giant cockroaches
  6 goblins
  9 hobgoblins
  2 jackals (D:2)
  3 quokkas
  3 ball pythons
  A bat (D:2)
  2 frilled lizards (D:3)
  6 kobolds
  A rat (D:2)
104 creatures vanquished.

Notes
Turn   | Place    | Note
-------+----------+-------------------------------------------
     0 | D:1      | ragingrage the Barachi Shapeshifter began the quest for the
                  | Orb.
     0 | D:1      | Reached XP level 1. HP: 15/15 MP: 1/1
    49 | D:1      | You fall into a shaft and drop 1 floor!
   298 | D:1      | Reached skill level 1 in Stealth
   298 | D:1      | Reached XP level 2. HP: 21/21 MP: 2/2
   772 | D:2      | Reached skill level 4 in Unarmed Combat
   772 | D:2      | Reached XP level 3. HP: 26/26 MP: 3/3
   849 | D:2      | Found a shimmering blue altar of Sif Muna.
  1273 | D:2      | Reached XP level 4. HP: 29/32 MP: 4/4
  2060 | D:3      | Found a faded altar of an unknown god.
  2174 | D:3      | Found a runed translucent gate.
  2175 | D:3      | Found a runed translucent gate.
  2175 | D:3      | Found a runed translucent gate.
  2176 | D:3      | Noticed hattop's ghost (weakling MDFE)
  2176 | D:3      | Noticed BleachOnTheBeach's ghost (amateur CoWr)
  2282 | D:4      | Reached skill level 5 in Unarmed Combat
  2282 | D:4      | Found a staircase to the Ecumenical Temple.
  2325 | Temple   | Entered the Ecumenical Temple
  2336 | Temple   | Became a worshipper of Gozag Ym Sagoz the Greedy
  2550 | Temple   | Reached XP level 5. HP: 12/37 MP: 5/5
  2709 | D:4      | Reached skill level 6 in Unarmed Combat
  2819 | D:3      | Reached XP level 6. HP: 42/43 MP: 6/6
  2833 | D:4      | Reached skill level 7 in Unarmed Combat
  2913 | D:4      | Noticed Eustachio
  2913 | D:4      | Noticed Blork the orc
  2916 | D:5      | Entered Level 5 of the Dungeon
  3035 | D:6      | Noticed a water moccasin
  3055 | D:6      | Killed a water moccasin
  3056 | D:6      | Reached skill level 8 in Unarmed Combat
  3056 | D:6      | Reached XP level 7. HP: 48/48 MP: 7/7
  3355 | D:6      | Noticed a yak
  3373 | D:6      | Killed a yak
  3459 | D:5      | Found a glowing silver altar of Zin.
  3595 | D:5      | Reached skill level 5 in Shapeshifting
  3639 | D:5      | Reached XP level 8. HP: 60/60 MP: 8/8
  3654 | D:5      | Noticed Ijyb
  3671 | D:5      | Noticed Prince Ribbit
  3673 | D:5      | Killed Ijyb
  3836 | D:5      | Killed Eustachio
  4329 | D:4      | Killed Blork the orc
  4477 | D:4      | Noticed Grinder
  4515 | D:4      | Paralysed by Grinder for 2 turns
  4521 | D:4      | Killed Grinder
  4795 | D:4      | Reached skill level 5 in Fighting
  5156 | D:5      | Reached XP level 9. HP: 53/68 MP: 9/9
  5162 | D:5      | Mangled by Prince Ribbit

Illustrated notes

Levels and vault maps discovered:
D:1:      tarquinn_simple_flora_water_f, layout_loops_ring
D:2:      layout_basic, basic_altar, nicolae_the_louvre
D:3:      layout_basic, gammafunk_ghost_cemetery, basic_ecumenical_altar
D:4:      layout_basic, temple_statues, uniq_blork_the_orc, uniq_grinder,
          uniq_eustachio
D:5:      layout_rooms, nicolae_overflow_hidden_temple,
          nicolae_overflow_crystal_walls, minmay_shop_damaged, hex_medium,
          dreamdust_princess_bridge, uniq_ijyb, uniq_prince_ribbit1,
          uniq_crazy_yiuf_cottage
D:6:      minmay_thinvault, layout_loops_ring, mainiacjoe_overflow_24_doors,
          lemuel_coloured_pillars_altar, uniq_sigmund
Temple:   hellmonk_temple_of_storms

Skill      XL: |  1  2  3  4  5  6  7  8 |
---------------+-------------------------+-----
Stealth        | 1 2 |  2.0
Unarmed Combat | 4 5 6 8 |  8.6
Fighting       | 4 5 |  5.4
Shapeshifting  | 5 7 |  7.0
Dodging        | 3 |  3.9

Action                     |  1- 3 |  4- 6 |  7- 9 || total
---------------------------+-------+-------+-------++-------
  Melee: Unarmed           |    85 |    99 |   161 ||   345
         Punch             |     1 |     2 |     4 ||     7
  Throw: Dart              |       |     6 |    14 ||    20
         Boomerang         |       |     4 |    15 ||    19
         Throwing net      |       |       |     1 ||     1
Ability: Hop               |       |     2 |     2 ||     4
    Use: Potion            |       |     1 |     2 ||     3
   Stab: Sleeping          |     1 |       |     1 ||     2
 Armour: Animal skin       |     7 |       |       ||     7
         Chain mail        |    53 |    59 |    94 ||   206
         Skin              |       |    12 |    25 ||    37
  Dodge: Dodged            |    22 |    38 |    68 ||   128
   Form: Beast             |       |       |     1 ||     1
         Flux              |       |       |     1 ||     1

Table legend: (Time is in decaauts)
 A = Elapsed time spent in this place.
 B = Non-inter-level travel time spent in this place.
 C = Inter-level travel time spent in this place.
 D = Time resting spent in this place.
 E = Time spent auto-exploring this place.
 F = Levels seen in this place.
 G = Mean time per level.
                   A        B        C        D        E       F      G
               +--------+--------+--------+--------+--------+-----+--------+
         Total |   5738 |   5232 |    506 |   1259 |   2866 |   7 |  819.7 |
       Dungeon |   5435 |   4954 |    481 |   1004 |   2866 |   6 |  905.8 |
        Temple |    303 |    278 |     25 |    255 |      0 |   1 |  303.0 |
               +--------+--------+--------+--------+--------+-----+--------+

Top non-repeatable levels by time:
     D:4: 1523 daAuts
     D:3: 1052 daAuts
     D:2: 925 daAuts
     D:1: 752 daAuts
     D:6: 637 daAuts
     D:5: 544 daAuts
  Temple: 303 daAuts
